 Dungeon Crawl Stone Soup version 0.30.0-19-g36f170ea60 (webtiles) character file.

Game seed: 2928473339234934143

6705 Ijustatesigmund the Fighter (level 11, -10/73 HPs)
             Began as a Gargoyle Fighter on May 31, 2023.
             Was a Follower of Vehumet.
             Shot with an arrow by a centaur warrior (24 damage)
             ... on level 8 of the Dungeon.
             The game lasted 00:18:37 (6906 turns).

Ijustatesigmund the Fighter (Gargoyle Fighter)      Turns: 6906, Time: 00:18:38

Health: -10/73     AC: 18    Str: 21    XL:     11   Next: 3%
Magic:  11/11      EV: 11    Int: 12    God:    Vehumet [*.....]
Gold:   183        SH:  5    Dex:  9    Spells: 9/10 levels left

rFire   . . .        a - +0 morningstar (flame)
rCold   + . .        c - +0 buckler
rNeg    + . .        b - +0 steam dragon scales
rPois   ∞            C - +2 hat
rElec   +            j - +0 cloak
rCorr   .            e - +0 pair of gloves
SInv    .            (no boots)
Will    .....        h - amulet of regeneration
Stlth   +            l - ring of protection from cold
HPRegen 1.12/turn    A - ring of wizardry
MPRegen 0.12/turn

%: wizardry (x1)
@: studying Staves
A: sickness immunity, AC +8, negative energy resistance 1, electricity
resistance, torment resistance 1, petrification resistance
a: Renounce Religion


You were on level 8 of the Dungeon.
You worshipped Vehumet.
Vehumet was aware of your devotion.
You visited 2 branches of the dungeon, and saw 9 of its levels.

You collected 466 gold pieces.
You spent 283 gold pieces at shops.

Inventory:

Hand Weapons
 a - a +0 morningstar of flaming (weapon)
 r - a +0 flail
 y - a +1 heavy flail
Missiles
 i - 3 datura-tipped darts (quivered)
Armour
 b - +0 steam dragon scales (worn)
 c - a +0 buckler (worn)
 e - a +0 pair of gloves (worn)
 j - a +0 cloak (worn)
 C - a +2 hat (worn)
Jewellery
 h - an amulet of regeneration (around neck)
 l - a ring of protection from cold (left hand)
 A - a ring of wizardry (right hand)
Wands
 g - a wand of charming (12)
 u - a wand of roots (4)
Scrolls
 o - 2 scrolls of fog
 w - 2 scrolls of teleportation
 B - a scroll of poison
Potions
 d - 2 potions of magic
 f - a potion of might
 k - 4 potions of curing
 m - a potion of lignification
 n - 3 potions of resistance {unknown}
 p - 2 potions of brilliance
 q - 4 potions of attraction
 s - a potion of invisibility {unknown}
 t - 3 potions of flight {unknown}
 v - a potion of heal wounds
 x - 2 potions of ambrosia {unknown}
 z - 2 potions of mutation {unknown}
 D - a potion of berserk rage {unknown}


   Skills:
 + Level 10.8 Fighting
 + Level 9.7 Maces & Flails
 - Level 5.8 Armour
 - Level 6.6 Shields
 + Level 4.2 Conjurations
 + Level 3.8 Fire Magic
 - Level 3.3 Evocations


You had 9 spell levels left.
You knew the following spells:

 Your Spells              Type           Power      Damage    Failure   Level
a - Foxfire               Conj/Fire      36%        2x1d5     3%          1

Your spell library contained the following spells:

 Spells                   Type           Power      Damage    Failure   Level
 Gell's Gravitas          Tloc           0%         N/A       41%         3
 Teleport Other           Tloc           0%         N/A       41%         3
 Dispel Undead            Necr           0%         3d6       80%         4
 Death Channel            Necr           0%         N/A       100%        6
 Dispersal                Tloc           0%         N/A       100%        6
 Cigotuvi's Dreadful Rot  Necr/Pois/Air  Unusable   N/A       N/A         2

Dungeon Overview and Level Annotations

Branches:
Dungeon (8/15)             Temple (1/1) D:7            Lair (0/5) D:8

Altars:
Ashenzari
Cheibriados
Dithmenos
Elyvilon
Fedhas
Gozag
Hepliaklqana
Kikubaaqudgha
Makhleb
Nemelex Xobeh
Okawaru
Qazlal
Ru
Sif Muna
Trog
Uskayaw
Vehumet
Wu Jian
Xom
Yredelemnul
Zin
The Shining One

Shops:
D:2 !   D:6 !**:


Innate Abilities, Weirdness & Mutations

You are immune to sickness and miasma.
Your stone body is resilient. (AC +8)
You are immune to poison.
You resist negative energy. (rN+)
You are resistant to electric shocks. (rElec)
You are resistant to unholy torment.
You are immune to petrification.


Message History

The centaur warrior kicks you but does no damage.
The deep elf pyromancer closely misses you.
The centaur warrior closely misses you.
The centaur warrior completely misses you.
You barely miss the centaur warrior.
The centaur warrior is moderately wounded.
You are covered in liquid flames!
The deep elf pyromancer hits you with a +2 long sword of holy wrath.
The centaur warrior hits you but does no damage.
The centaur warrior misses you.
You bludgeon the centaur warrior!! You burn the centaur warrior!
The centaur warrior is almost dead.
You are covered in liquid flames!
You are no longer on fire.
You block the centaur warrior's attack.
The centaur warrior kicks you but does no damage.
The deep elf pyromancer mumbles some strange words.
The centaur warrior hits you but does no damage.
The centaur warrior closely misses you.
Aiming: Charm
Press: ? - help, Shift-Dir - straight line, f - deep elf pyromancer
Aim: a deep elf pyromancer, wielding a +2 long sword of holy wrath (chance to affect: 39%)
The deep elf pyromancer is charmed.
The fire elemental disappears in a puff of smoke! x2
The centaur warrior hits you but does no damage.
The centaur warrior kicks you but does no damage.
You swap places.
The centaur warrior wields a +0 longbow.
The centaur warrior shoots an arrow.
The arrow completely misses your deep elf pyromancer.
The arrow hits you!!
* * * LOW HITPOINT WARNING * * *
The centaur warrior unwields a +0 longbow.
The centaur warrior hits your deep elf pyromancer!
The centaur warrior kicks your deep elf pyromancer.
The centaur warrior wields a +0 longbow.
The centaur warrior shoots an arrow.
The arrow barely misses your deep elf pyromancer.
The arrow hits you!!
You die...

#.........## #[...# #...###
......##..# ####.#### #..##
.#....###.# #.##.##.####
##..# ##...## ###
#....)...'.# #..## ##..#
#.##.##.##.###..# #..#
####.#####.##..## ## #.##
#...####.#...#####. # #.#
####.##.##........... ###.#
#?##.##.##@##.##..####...##
.#### #.......ce....##..#
##..# ##
#.##.##.##.##)###.. #..# #
####.#### #..# ##.# #....#
#..# #.## ###### ##.# ##..#
.. #.... .. #.... #....


You could see a centaur warrior and a friendly deep elf pyromancer (charmed).

Vanquished Creatures
  3 death yaks
  An ugly thing (D:8)
  A gargoyle (D:8)
  Maggie (D:6)
  Grinder (D:3)
  2 hornets (D:8)
  Sigmund (D:4)
  4 yaks
  A golden eye (shapeshifter) (D:8)
  A steam dragon (D:8)
  An acid dragon (D:8)
  3 black bears
  An ice beast (D:8)
  2 ogres
  2 centaurs
  4 kobold brigands
  3 bullfrogs (D:8)
  A gnoll sergeant (D:5)
  A scorpion (D:6)
  2 killer bees (D:8)
  A howler monkey (D:6)
  3 jellies
  4 hounds
  3 orc priests
  Jessica (D:2)
  2 iguanas
  A sleepcap (D:7)
  7 orc wizards
  6 adders
  12 gnolls
  2 shadow imps
  A white imp (D:6)
  3 ufetubi
  3 dart slugs
  18 orcs
  7 ball pythons
  6 bats
  5 endoplasms
  3 giant cockroaches (D:1)
  5 goblins
  7 hobgoblins
  4 jackals (D:1)
  2 quokkas
  4 frilled lizards
  16 kobolds
  5 rats
167 creatures vanquished.

Vanquished Creatures (collateral kills)
  3 gnolls (D:5)
3 creatures vanquished.

Vanquished Creatures (others)
  An acid dragon (D:8)
  A bullfrog (D:8)
  3 foxfires (D:8)
5 creatures vanquished.

Grand Total: 175 creatures vanquished

Notes
Turn   | Place    | Note
-------+----------+-------------------------------------------
     0 | D:1      | Ijustatesigmund the Gargoyle Fighter began the quest for
                  | the Orb.
     0 | D:1      | Reached XP level 1. HP: 14/14 MP: 1/1
    76 | D:1      | Reached XP level 2. HP: 18/19 MP: 2/2
   208 | D:1      | Reached XP level 3. HP: 24/24 MP: 3/3
   256 | D:1      | Reached skill level 4 in Fighting
   625 | D:2      | Found Fefienor's Distillery.
   642 | D:2      | Bought a potion of curing for 33 gold pieces
   669 | D:2      | Found a faded altar of an unknown god.
   841 | D:2      | Reached XP level 4. HP: 10/30 MP: 4/4
   989 | D:2      | Noticed Jessica
   990 | D:2      | Killed Jessica
  1035 | D:2      | Reached XP level 5. HP: 34/34 MP: 5/5
  1127 | D:3      | Reached skill level 1 in Evocations
  1144 | D:3      | Reached skill level 5 in Fighting
  1268 | D:3      | Noticed Grinder
  1275 | D:3      | Paralysed by Grinder for 5 turns
  1282 | D:3      | Killed Grinder
  1283 | D:3      | Reached XP level 6. HP: 29/40 MP: 6/6
  1532 | D:3      | Found a snail-covered altar of Cheibriados.
  1533 | D:3      | Found a hazy altar of Hepliaklqana.
  1533 | D:3      | Found a broken altar of Ashenzari.
  1533 | D:3      | Found a shimmering blue altar of Sif Muna.
  1855 | D:4      | Noticed Sigmund
  1862 | D:4      | Killed Sigmund
  1863 | D:4      | Reached skill level 6 in Fighting
  1863 | D:4      | Reached skill level 5 in Maces & Flails
  1863 | D:4      | Reached XP level 7. HP: 46/46 MP: 7/7
  1955 | D:4      | You fall into a shaft and drop 3 floors!
  2058 | D:5      | Entered Level 5 of the Dungeon
  2172 | D:5      | Reached XP level 8. HP: 52/52 MP: 8/8
  2712 | D:5      | Reached skill level 7 in Fighting
  3522 | D:6      | Reached skill level 5 in Armour
  3541 | D:6      | Found Iblaenyigh's Assorted Antiques.
  3565 | D:6      | Bought a runed morningstar for 175 gold pieces
  3605 | D:6      | Found Niotif's Book Boutique.
  3663 | D:6      | Found Foso's Assorted Antiques.
  3668 | D:6      | Bought 2 white potions for 50 gold pieces
  3668 | D:6      | Bought an emerald potion for 25 gold pieces
  3710 | D:6      | Found Xahotus's Distillery.
  3795 | D:6      | Noticed Maggie
  3805 | D:6      | Killed Maggie
  3806 | D:6      | Reached skill level 8 in Fighting
  3806 | D:6      | Reached XP level 9. HP: 25/59 MP: 9/9
  4455 | D:7      | Found a staircase to the Ecumenical Temple.
  4482 | Temple   | Entered the Ecumenical Temple
  4782 | Temple   | Became a worshipper of Vehumet
  5286 | D:8      | Found a sacrificial altar of Ru.
  5312 | D:8      | Noticed a death yak
  5354 | D:7      | Killed a death yak
  5355 | D:7      | Reached skill level 9 in Fighting
  5355 | D:7      | Reached skill level 5 in Shields
  5427 | D:8      | Noticed a death yak
  5432 | D:8      | Noticed a death yak
  5439 | D:7      | Killed a death yak
  5440 | D:7      | Reached XP level 10. HP: 43/68 MP: 10/10
  5444 | D:7      | Reached * piety under Vehumet
  5444 | D:7      | Offered knowledge of Foxfire by Vehumet.
  5447 | D:7      | Learned a level 1 spell: Foxfire
  5482 | D:7      | Reached skill level 10 in Fighting
  5600 | D:8      | Killed a death yak
  5601 | D:8      | Reached skill level 1 in Conjurations
  5601 | D:8      | Reached skill level 1 in Fire Magic
  5899 | D:8      | Found a staircase to the Lair.
  6774 | D:8      | Noticed a gargoyle
  6788 | D:8      | Killed a gargoyle
  6882 | D:8      | Noticed a green ugly thing
  6883 | D:8      | Noticed a centaur warrior
  6884 | D:8      | Noticed a deep elf pyromancer
  6896 | D:8      | Killed a green ugly thing
  6897 | D:8      | Reached XP level 11. HP: 56/73 MP: 11/11
  6906 | D:8      | Shot with an arrow by a centaur warrior

Illustrated notes

Levels and vault maps discovered:
D:1:      eino_arrival_cavern_d, layout_basic
D:2:      layout_rooms, serial_shops, shop, nicolae_ecumenical_oubliette,
          uniq_jessica
D:3:      layout_loops_ring, chequers_temple_overflow_statue_of_worship,
          uniq_grinder
D:4:      layout_rooms, uniq_sigmund
D:5:      layout_gridville
D:6:      layout_loops_cross, serial_shops, nicolae_take_the_stairs, shop,
          nicolae_shop_behind_doors, shop, uniq_maggie
D:7:      layout_rooms, minmay_temple_entry_offerings
D:8:      hangedman_cross_veins, layout_layer_cave,
          mainiacjoe_overflow_six_doors_small, dpeg_lair_monsters,
          minmay_manual_mess
Temple:   minmay_temple_bridge_d

Skill      XL: |  1  2  3  4  5  6  7  8  9 10 |
---------------+-------------------------------+-----
Fighting       | 4 5 6 8 9 10 | 10.8
Maces & Flails | 3 4 5 7 8 9 |  9.7
Evocations     | 2 3 |  3.3
Armour         | 5 |  5.8
Shields        | 6 |  6.6
Conjurations   | 4 |  4.2
Fire Magic     | 3 |  3.8

Action                     |  1- 3 |  4- 6 |  7- 9 | 10-12 || total
---------------------------+-------+-------+-------+-------++-------
  Melee: Flail             |   104 |   131 |   154 |       ||   389
         Morningstar       |       |       |   158 |   135 ||   293
  Throw: Dart              |       |       |     3 |       ||     3
   Cast: Foxfire           |       |       |       |     2 ||     2
  Evoke: Wand              |       |     2 |     6 |     4 ||    12
    Use: Scroll            |     1 |       |    10 |     1 ||    12
         Potion            |     1 |     1 |     3 |     4 ||     9
 Armour: Scale mail        |    66 |    63 |   178 |       ||   307
         Steam dragon scal |       |       |    84 |   109 ||   193
  Dodge: Dodged            |    73 |    54 |   199 |    96 ||   422
  Block: Buckler           |    27 |    23 |    67 |    32 ||   149
